 Dungeon Crawl Stone Soup version 0.20-a0-454-g2b43fbb (webtiles) character file.

67 HarleyQuinn the Changer (level 4, -1/28 HPs)
             Began as an Octopode Transmuter on Jan 8, 2017.
             Slain by a goblin
             ... wielding a +0 club
             ... led by Robin
              (6 damage)
             ... on level 2 of the Dungeon.
             The game lasted 00:02:59 (2363 turns).

HarleyQuinn the Changer (Octopode Transmuter)       Turns: 2363, Time: 00:03:00

Health: -1/28      AC:  1    Str:  9    XL:     4   Next: 16%
Magic:  7/7        EV: 13    Int: 16    God:
Gold:   51         SH:  0    Dex: 12    Spells: 6/7 levels left

rFire  . . .     SeeInvis .       - Unarmed
rCold  . . .     Gourm    .     (no shield)
rNeg   . . .     Faith    .     (helmet restricted)
rPois  .         Spirit   .     (no amulet)
rElec  .         Reflect  .     (no ring)
rCorr  .         Harm     .     (no ring)
MR     .....                    (no ring)
Stlth  ++........               (no ring)
                                (no ring)
                                (no ring)
                                (no ring)
                                (no ring)

@: no status effects
A: almost no armour, stealthy swim, amphibious, 8 rings, constrict 8, camouflage
1, gelatinous body 1
a: no special abilities


You were on level 2 of the Dungeon.
You were not hungry.

You visited 1 branch of the dungeon, and saw 2 of its levels.

You collected 51 gold pieces.

Inventory:

Missiles
 a - 34 arrows
Scrolls
 d - 2 scrolls of magic mapping {unknown}
 e - a scroll of fear {unknown}
 g - a scroll of amnesia {unknown}
 k - a scroll of recharging {unknown}
Potions
 f - a potion of heal wounds {unknown}
 h - a potion of degeneration {unknown}
 i - a potion of lignification {unknown}
 l - a potion of curing {unknown}
 m - a potion of ambrosia {unknown}
Books
 b - a book of Changes

   Spells                             Type                      Level
   a - Beastly Appendage              Transmutation                1
   b - Sticks to Snakes               Transmutation                2
   c - Spider Form                    Transmutation/Poison         3
   d - Ice Form                       Ice/Transmutation            4
   e - Blade Hands                    Transmutation                5
Comestibles
 c - 2 bread rations
 j - a beef jerky


   Skills:
 - Level 1.0 Fighting
 - Level 2.0 Dodging
 - Level 3.0 Unarmed Combat
 - Level 2.0 Spellcasting
 + Level 4.3 Transmutations


You had 6 spell levels left.
You knew the following spells:

 Your Spells              Type           Power        Failure   Level  Hunger
a - Beastly Appendage     Tmut           ###...       4%          1    #......


Dungeon Overview and Level Annotations

Branches:
Dungeon (2/15)

Altars:

Annotations:
D:2 Robin


Innate Abilities, Weirdness & Mutations

You cannot wear most types of armour.
You are very stealthy in the water. (Stealth+)
You are amphibious.
You can wear up to eight rings at the same time.
You can use your tentacles to constrict eight enemies at once.
Your skin changes colour to match your surroundings (Stealth+).
Your rubbery body absorbs attacks. (AC +1, EV +1)


Message History

The goblin is moderately wounded.
The goblin hits you with a club. The goblin barely misses you.
The goblin moves out of view.
You closely miss the goblin. Your grab misses the goblin.
The goblin is moderately wounded.
The goblin closely misses you. The goblin hits you but does no damage.
You tentacle-slap the goblin. Your grab misses the goblin.
The goblin is heavily wounded.
The goblin hits you with a club. The goblin closely misses you.
You tentacle-slap the goblin but do no damage.
Your grab misses the goblin. Your squeeze misses the goblin.
The goblin is heavily wounded.
The goblin barely misses you. The goblin hits you.
* * * LOW HITPOINT WARNING * * *
You tentacle-slap the goblin.
You kill the goblin!
Robin throws the goblin at you!
* * * LOW HITPOINT WARNING * * *
The goblin hits you with a club.
You die... ......######## ##.# #.......... ... #.....##### #.g ##.##...... ggg

#.##...... #g#
#.##..#### #g#
#.....# #g#
###.รท...# #@#
#.......# #g#
#.......#
#.######.......#
#..............#
#.#######.....##
...# #.#.#.#
###.# #.#.#.#
#.# #...#.# #.#
###.#.#


You could see Robin, 3 hobgoblins and 4 goblins.

Vanquished Creatures
  Natasha (D:2)
  An ooze (D:1)
  A leopard gecko (D:1)
  2 ball pythons
  4 bats
  2 giant cockroaches (D:2)
  5 goblins
  2 hobgoblins
  4 jackals (D:1)
  4 kobolds (D:1)
  3 frilled lizards (D:1)
  6 rats (D:1)
35 creatures vanquished.

Notes
Turn   | Place    | Note
-------+----------+-------------------------------------------
     0 | D:1      | HarleyQuinn the Octopode Transmuter began the quest for the Orb.
     0 | D:1      | Reached XP level 1. HP: 13/13 MP: 3/3
   172 | D:1      | Reached XP level 2. HP: 15/18 MP: 5/5
   391 | D:1      | Reached skill level 3 in Transmutations
  1081 | D:1      | Reached XP level 3. HP: 12/23 MP: 6/6
  2061 | D:2      | Noticed Natasha
  2068 | D:2      | Killed Natasha
  2068 | D:2      | Reached skill level 4 in Transmutations
  2068 | D:2      | Reached XP level 4. HP: 10/28 MP: 7/7
  2353 | D:2      | Noticed Robin
  2363 | D:2      | Slain by a goblin

Vault maps used:
D:1:      nagdon_arrival_zigzag_paths, minmay_misc_feat_nine_boxes
D:2:      nicolae_gozag_cash_rules_everything_around_me, first_bread,
          uniq_robin, uniq_jessica, uniq_natasha

Skill      XL: |  1  2  3 |
---------------+----------+-----
Transmutations | 3 4 |  4.3
Fighting       | |  1.0
Dodging        | |  2.0
Unarmed Combat | |  3.0
Spellcasting   | |  2.0

Action                   |  1- 3 |  4- 6 || total
-------------------------+-------+-------++-------
Melee: Unarmed           |    85 |    11 ||    96
       Constrict         |    18 |     1 ||    19
       Tentacles         |     6 |       ||     6
       Punch             |     2 |       ||     2
 Stab: Sleeping          |     8 |       ||     8
  Eat: Chunk             |     4 |       ||     4
Armor: Skin              |     5 |     1 ||     6
Dodge: Dodged            |    54 |     9 ||    63
